 Dungeon Crawl Stone Soup version 0.28-a0-305-g9e858e973b (webtiles) character file.

Game seed: 3615430760130068179

0 RatsInWalls the Chopper (level 1, 23/23 HPs)
             Began as a Gnoll Cinder Acolyte on Aug 30, 2021.
             Was a High Priest of Ignis.
             Quit the game on level 1 of the Dungeon.
             The game lasted 00:00:57 (44 turns).

RatsInWalls the Chopper (Gnoll Cinder Acolyte)        Turns: 44, Time: 00:00:58

Health: 23/23      AC:  2    Str: 14    XL:     1   Next: 0%
Magic:  4/4        EV: 11    Int: 12    God:    Ignis [*****.]
Gold:   0          SH:  0    Dex:  7    Spells: 4/5 levels left

rFire   + . .      SeeInvis .   a - -1 hand axe (flame)
rCold   . . .      Faith    .   (no shield)
rNeg    . . .      Spirit   .   b - +0 robe
rPois   .          Reflect  .   (no helmet)
rElec   .          Harm     .   (no cloak)
rCorr   .          Rampage  .   (no gloves)
Will    .....                   (no boots)
Stlth   +.........              (no amulet)
HPRegen 0.07/turn               (no ring)
MPRegen 0.09/turn               (no ring)

@: no status effects
A: fangs 1, strong nose, distributed training
a: Renounce Religion, Sea of Fire, Foxfire Swarm, Rising Flame


You were on level 1 of the Dungeon.
You worshipped Ignis.
Ignis was extremely pleased with you.
You visited 1 branch of the dungeon, and saw 1 of its levels.

Inventory:

Hand Weapons
 a - a -1 hand axe of flaming (weapon)
Armour
 b - a +0 robe (worn)


   Skills:
 + Level 6.4 Fighting
 + Level 0.0 Short Blades
 + Level 0.0 Long Blades
 + Level 6.4 Axes
 + Level 0.0 Maces & Flails
 + Level 0.0 Polearms
 + Level 0.0 Staves
 + Level 0.0 Slings
 + Level 0.0 Bows
 + Level 0.0 Crossbows
 + Level 0.0 Throwing
 + Level 0.0 Armour
 + Level 0.0 Dodging
 + Level 0.0 Stealth
 + Level 0.0 Shields
 + Level 0.0 Unarmed Combat
 + Level 2.6 Spellcasting
 + Level 0.0 Conjurations
 + Level 0.0 Hexes
 + Level 0.0 Summonings
 + Level 0.0 Necromancy
 + Level 0.0 Translocations
 + Level 0.0 Transmutations
 + Level 1.9 Fire Magic
 + Level 0.0 Ice Magic
 + Level 0.0 Air Magic
 + Level 0.0 Earth Magic
 + Level 0.0 Poison Magic
 + Level 0.0 Invocations
 + Level 0.0 Evocations


You had 4 spell levels left.
You knew the following spells:

 Your Spells              Type           Power      Damage    Failure   Level
a - Foxfire               Conj/Fire      12%        2x1d4     17%         1

Your spell library contained the following spells:

 Spells                   Type           Power      Damage    Failure   Level


Dungeon Overview and Level Annotations

Branches:
Dungeon (1/15)

Altars:


Innate Abilities, Weirdness & Mutations

You have very sharp teeth.
Your uncanny sense of smell can sniff out nearby items.
Your experience applies equally to all skills.


Message History

You add the spell Foxfire to your library.
Welcome, RatsInWalls the Gnoll Cinder Acolyte.
The bosom of this dungeon contains the transcendent artefact, the Orb of Zot.
The flames of Ignis gently warm you.
Press ? for a list of commands and other information.
Found 14 gold pieces and a scale mail.
Found a staircase leading out of the dungeon.
Okay, then.
Fires begin to smoulder around you!
Okay, then.
The fire ignites! x76
Flames leap up around you!
Your foxfire dissipates! x7
Your foxfire dissipates! x15
Your foxfire dissipates! x2
Fires begin to smoulder around you!
The fire ignites! x76
Are you sure you want to abandon this character and quit the game? (Confirm with "yes".)

∆ ###+###
###8+8#8###
##○§☼§○§§§.##
#§§☼§.°○§°§☼##
#+§§§§§§§§§☼§°#
+8§§§§☼@§§§○°§§
##§§§☼☼☼§§§§§§#
#§§§☼§§○○§§§##
##§§§☼§○§☼°##
####8+8#### ##
##


There were no monsters in sight!

Vanquished Creatures (others)
  23 foxfires (D:1)
23 creatures vanquished.

Notes
Turn   | Place    | Note
-------+----------+-------------------------------------------
     0 | D:1      | RatsInWalls the Gnoll Cinder Acolyte began the quest for
                  | the Orb.
     0 | D:1      | Reached XP level 1. HP: 23/23 MP: 4/4
    44 | D:1      | Quit the game

Illustrated notes

Levels and vault maps discovered:
D:1:      dpeg_arrival_morbid_curiosity, layout_loops_ring, serial_bayou_pond_c,
          fountainhead, minmay_liquid_box

Action                   || total
-------------------------++-------
Invok: Sea of Fire       ||     2
       Foxfire Swarm     ||     1

Table legend: (Time is in decaauts)
 A = Elapsed time spent in this place.
 B = Non-inter-level travel time spent in this place.
 C = Inter-level travel time spent in this place.
 D = Time resting spent in this place.
 E = Time spent auto-exploring this place.
 F = Levels seen in this place.
 G = Mean time per level.
                   A        B        C        D        E       F      G
               +--------+--------+--------+--------+--------+-----+--------+
         Total |     44 |     44 |      0 |      0 |      0 |   1 |   44.0 |
       Dungeon |     44 |     44 |      0 |      0 |      0 |   1 |   44.0 |
               +--------+--------+--------+--------+--------+-----+--------+

Top non-repeatable levels by time:
     D:1: 44 daAuts
